 Dungeon Crawl Stone Soup version 0.17.1-3-g152610e (webtiles) character file.

18 Nekros the Magician (level 2, -3/15 HPs)
             Began as a Deep Elf Wizard on Apr 27, 2016.
             Slain by Sigmund
             ... wielding a +0 scythe
              (6 damage)
             ... on level 2 of the Dungeon.
             The game lasted 00:05:01 (989 turns).

Nekros the Magician (Deep Elf Wizard)                Turns: 989, Time: 00:05:01

Health: -3/15      AC:  3    Str:  4    XL:     2   Next: 51%
Magic:  6/10       EV: 12    Int: 22    God:
Gold:   23         SH:  0    Dex: 13    Spells: 3 memorised, 7 levels left

rFire  . . .     SeeInvis .     (no weapon)
rCold  . . .     Clarity  .     a - +0 robe
rNeg   . . .     SustAt   .     (no shield)
rPois  .         Gourm    .     b - +0 hat
rElec  .         Spirit   .     k - +0 cloak
rCorr  .         Warding  .     (no gloves)
rMut   .         Stasis   .     (no boots)
MR     .....                    (no amulet)
Stlth  ++........               (no ring)
                                (no ring)

@: not resistant to hostile enchantments, unstealthy
A: no striking features
a: no special abilities


You were on level 2 of the Dungeon.
You were not hungry.

You visited 1 branch of the dungeon, and saw 2 of its levels.

You collected 23 gold pieces.

Inventory:

Armour
 a - a +0 robe (worn)
 b - a +0 hat (worn)
 k - a +0 cloak (worn)
Scrolls
 g - a scroll of enchant weapon {unknown}
 h - 2 scrolls of remove curse {unknown}
 i - a scroll of magic mapping {unknown}
 l - a scroll of recharging {unknown}
 m - a scroll of identify {unknown}
Potions
 e - a potion of curing {unknown}
 j - a potion of lignification {unknown}
Books
 c - a book of Minor Magic

   Spells                             Type                      Level
   a - Magic Dart                     Conjuration                  1
   b - Blink                          Translocation                2
   c - Call Imp                       Summoning                    2
   d - Repel Missiles                 Charms/Air                   2
   e - Slow                           Hexes                        2
   f - Conjure Flame                  Conjuration/Fire             3
   g - Mephitic Cloud                 Conjuration/Poison/Air       3
Comestibles
 d - 2 bread rations
 f - a beef jerky
 n - a meat ration


   Skills:
 - Level 2.4 Dodging
 - Level 2.4 Stealth
 * Level 5.5 Spellcasting
 - Level 1.1 Conjurations
 + Level 1.1 Summonings
 + Level 1.1 Translocations


You had 7 spell levels left.
You knew the following spells:

 Your Spells              Type           Power        Failure   Level  Hunger
a - Magic Dart            Conj           ##..         10%         1    None
b - Blink                 Tloc           N/A          12%         2    None
c - Call Imp              Summ           ##......     12%         2    None


Dungeon Overview and Level Annotations

Branches:
Dungeon (2/15)

Altars:

Annotations:
D:2 Sigmund


Message History

Sigmund mumbles some strange words.
Sigmund flickers and vanishes!
Deactivating autopickup; reactivate with Ctrl-A.
A hobgoblin comes into view. It is wielding a club.
You hear a zap.
Your white imp appears confused.
Your white imp closely misses your white imp.
Something closely misses your crimson imp.
Your crimson imp hits something.
Your crimson imp hits something.
You hear a zap.
Your white imp resists with significant effort.
Your crimson imp hits something but does no damage.
You hear a zap.
Something tries to affect you, but you resist.
Something hits you!
Ouch! That really hurt!
* * * LOW HITPOINT WARNING * * *
You start resting.
Something hits you.
You die...

##..# ... #####...#
†... ......#.##....g
........!....# .
.......#..# .. #..
#.....# ... ##.#
####.5# #.. #..# #..###
#.###..## ###.@.5#
##.......# ##......#
.........###..#....#
......##..##......5...
......>..........#...#
......##......#.###..#
......#.........# ....
..<.....#....#....#.#..
##.##.###..#.......


You could see a friendly crimson imp and 2 friendly white imps.

Vanquished Creatures
  A bat (D:2)
  A goblin (D:1)
  3 hobgoblins (D:1)
  4 kobolds (D:1)
  A giant newt (D:1)
  3 rats
13 creatures vanquished.

Vanquished Creatures (collateral kills)
  An adder (D:2)
1 creature vanquished.

Grand Total: 14 creatures vanquished

Notes
Turn   | Place    | Note
--------------------------------------------------------------
     0 | D:1      | Nekros the Deep Elf Wizard began the quest for the Orb.
     0 | D:1      | Reached XP level 1. HP: 10/10 MP: 7/7
   461 | D:1      | Reached skill level 5 in Spellcasting
   637 | D:1      | Reached XP level 2. HP: 15/15 MP: 8/10
   641 | D:1      | Learned a level 2 spell: Blink
   675 | D:1      | Learned a level 2 spell: Call Imp
   976 | D:2      | Noticed Sigmund
   989 | D:2      | Slain by Sigmund

Action                   || total
-------------------------++-------
 Cast: Magic Dart        ||    24
       Call Imp          ||     3
